 Dungeon Crawl Stone Soup version 0.29-a0-775-g4d7333d4e2 (webtiles) character file.

Game seed: 9974374536673621006

38 sweatyfellr the Caller (level 3, 0/16 HPs)
             Began as a Vine Stalker Summoner on July 1, 2022.
             Succumbed to an adder's poison
             ... on level 3 of the Dungeon.
             The game lasted 00:17:44 (1864 turns).

sweatyfellr the Caller (Vine Stalker Summoner)      Turns: 1864, Time: 00:17:44

Health: 0/16       AC:  2    Str: 12    XL:     3   Next: 43%
Magic:  5/7        EV: 12    Int: 15    God:
Gold:   51         SH:  0    Dex: 14    Spells: 1/7 levels left

rFire   . . .      SeeInvis .   c - +0 short sword
rCold   . . .      Faith    .   (no shield)
rNeg    . . .      Spirit   +   a - +0 robe
rPois   .          Reflect  .   (no helmet)
rElec   .          Harm     .   (no cloak)
rCorr   .          Rampage  .   (no gloves)
Will    .....                   (no boots)
Stlth   ++........              (no amulet)
HPRegen 0.05/turn               (no ring)
MPRegen 0.10/turn               (no ring)

@: lethally poisoned (0 -> -8)
A: fangs 2, magic shield, antimagic bite, no potion heal 2
a: no special abilities


You were on level 3 of the Dungeon.
You visited 1 branch of the dungeon, and saw 3 of its levels.

You collected 51 gold pieces.

Inventory:

Hand Weapons
 c - a +0 short sword (weapon)
 d - a +0 dagger
 e - a +0 dagger
 f - a +0 dagger
 i - a +0 dagger
 k - a +0 dagger
 l - a +0 club
 n - a +0 club
 p - a +0 short sword
 q - a +0 short sword
Missiles
 h - 4 stones
 j - 2 large rocks
 m - 3 poisoned darts
Armour
 a - a +0 robe (worn)
 o - a +0 helmet
Scrolls
 r - 2 scrolls of teleportation {unknown}
Potions
 b - a potion of magic
 g - a potion of invisibility
 s - a potion of heal wounds {unknown}


   Skills:
 + Level 0.1 Fighting
 + Level 0.8 Short Blades
 + Level 1.9 Dodging
 + Level 2.4 Stealth
 + Level 2.6 Spellcasting
 + Level 4.5 Summonings


You had one spell level left.
You knew the following spells:

 Your Spells              Type           Power      Damage    Failure   Level
a - Summon Small Mammal   Summ           60%        N/A       3%          1
b - Call Imp              Summ           15%        N/A       4%          2
c - Summon Guardian Gole  Hex/Summ       8%         N/A       26%         3

Your spell library contained the following spells:

 Spells                   Type           Power      Damage    Failure   Level
 Sting                    Tmut/Pois      4%         1d3       22%         1
 Call Canine Familiar     Summ           15%        N/A       10%         3
 Poisonous Vapours        Pois/Air       2%         N/A       32%         2
 Frozen Ramparts          Ice            2%         1d2       54%         3
 Ignite Poison            Fire/Tmut/Pois 1%         N/A       54%         3
 Mephitic Cloud           Conj/Pois/Air  1%         N/A       54%         3
 Tukima's Dance           Hex            1%         N/A       54%         3
 Summon Ice Beast         Ice/Summ       8%         N/A       63%         4
 Summon Lightning Spire   Summ/Air       8%         N/A       63%         4
 Ice Form                 Ice/Tmut       1%         N/A       91%         4
 Olgreb's Toxic Radiance  Pois           1%         N/A       91%         4
 Passage of Golubria      Tloc           1%         N/A       91%         4
 Freezing Cloud           Conj/Ice/Air   0%         6-21      99%         5
 Yara's Violent Unravell  Hex/Tmut       0%         3d3       99%         5


Dungeon Overview and Level Annotations

Branches:
Dungeon (3/15)

Altars:

Annotations:
D:1 2 exclusions


Innate Abilities, Weirdness & Mutations

You have extremely sharp teeth.
When hurt, damage is shared between your health and your magic reserves.
Your bite disrupts and absorbs the magic of your enemies.
Potions cannot restore your health.


Message History

You see here a quokka corpse.
s - a bubbling ruby potion
Found an escape hatch in the floor.
Found a stone staircase leading up.
There is an escape hatch in the floor here.
You slide downwards.
The hatch slams shut behind you.
Found a spear.
Found a stone staircase leading up.
You see here a +0 spear.
You see here a +0 spear.
You see here a +0 spear.
You open the door.
There is an open door here.
A goblin comes into view. It is wielding a +0 dagger.
The goblin hits you with a +0 dagger.
* * * LOW HITPOINT WARNING * * *
You closely miss the goblin. Your bite misses the goblin.
The goblin closely misses you.
You closely miss the goblin. Your bite misses the goblin.
The goblin hits you but does no damage.
You closely miss the goblin. You bite the goblin, but do no damage.
The goblin hits you with a +0 dagger.
* * * LOW HITPOINT WARNING * * *
You closely miss the goblin. Your bite misses the goblin.
The goblin misses you.
You hit the goblin.
You kill the goblin!
You see here a +0 dagger.
An adder comes into view.
A hobgoblin comes into view.
The hobgoblin shouts!
The adder hisses angrily.
A ball python comes into view.
You barely miss the adder. You bite the adder, but do no damage.
The adder bites you.
* * * LOW HITPOINT WARNING * * *
You are lethally poisoned!
The adder poisons you!
You hit the adder. Your punch misses the adder.
The adder is lightly wounded.
You die...

..## ....
S.... .....
...... #
###..g...
#.#........
#.#g#########
#....@S......
#.#...######.
#.#)..#. .# #
#...#.##.#
#.###...#..#.#
#........<...#
#####.####...#
#....')..+
######...#


You could see an adder and a hobgoblin.

Vanquished Creatures
  2 bats (D:1)
  2 endoplasms (D:1)
  2 giant cockroaches (D:1)
  3 goblins
  A hobgoblin (D:1)
  2 jackals (D:2)
  2 quokkas
  5 ball pythons
  5 kobolds (D:1)
  A rat (D:1)
25 creatures vanquished.

Vanquished Creatures (collateral kills)
  A bat (D:1)
  An endoplasm (D:1)
  A quokka (D:1)
  A ball python (D:1)
  A frilled lizard (D:1)
  A goblin (D:1)
  A rat (D:1)
7 creatures vanquished.

Vanquished Creatures (others)
  3 fungi (D:1)
  A plant (D:1)
4 creatures vanquished.

Grand Total: 36 creatures vanquished

Notes
Turn   | Place    | Note
-------+----------+-------------------------------------------
     0 | D:1      | sweatyfellr the Vine Stalker Summoner began the quest for
                  | the Orb.
     0 | D:1      | Reached XP level 1. HP: 9/9 MP: 4/4
   411 | D:1      | Reached XP level 2. HP: 13/13 MP: 3/6
   840 | D:1      | Found a faded altar of an unknown god.
   990 | D:1      | Reached XP level 3. HP: 10/16 MP: 4/7
  1083 | D:1      | Learned a level 2 spell: Call Imp
  1087 | D:1      | Learned a level 3 spell: Summon Guardian Golem
  1864 | D:3      | Succumbed to an adder's poison

Illustrated notes

Levels and vault maps discovered:
D:1:      amcnicky_arrival_flooded_fountain, layout_basic,
          shapermc_ecumenical_altar_acropolis, kennysheep_pointless_box
D:2:      layout_basic, serial_shops, shop, basic_altar, st_stairs_14
D:3:      layout_basic, serial_bayou_crossing

Action                   || total
-------------------------++-------
Melee: Unarmed           ||     9
       Short sword       ||    67
       Dagger            ||    28
       Bite              ||    22
 Cast: Summon Small Mamm ||    20
  Use: Scroll            ||     1
       Potion            ||     1
Armor: Robe              ||    21
Dodge: Dodged            ||    81

Table legend: (Time is in decaauts)
 A = Elapsed time spent in this place.
 B = Non-inter-level travel time spent in this place.
 C = Inter-level travel time spent in this place.
 D = Time resting spent in this place.
 E = Time spent auto-exploring this place.
 F = Levels seen in this place.
 G = Mean time per level.
                   A        B        C        D        E       F      G
               +--------+--------+--------+--------+--------+-----+--------+
         Total |   1869 |   1246 |    623 |      0 |    717 |   3 |  623.0 |
       Dungeon |   1869 |   1246 |    623 |      0 |    717 |   3 |  623.0 |
               +--------+--------+--------+--------+--------+-----+--------+

Top non-repeatable levels by time:
     D:1: 1782 daAuts
     D:3: 47 daAuts
     D:2: 40 daAuts
